 Dungeon Crawl Stone Soup version 0.22.0 (webtiles) character file.

37 KnightedAnt the Skirmisher (level 3, -1/29 HPs)
             Began as a Formicid Abyssal Knight on Oct 29, 2018.
             Was a Follower of Lugonu.
             Slain by Sigmund
             ... wielding a +2 scythe of freezing
              (2 damage)
             ... on level 3 of the Dungeon.
             The game lasted 00:04:11 (2392 turns).

KnightedAnt the Skirmisher (FoAK)                   Turns: 2392, Time: 00:04:12

Health: -1/29      AC: 10    Str: 17    XL:     3   Next: 60%
Magic:  5/5        EV: 11    Int: 11    God:    Lugonu [*.....]
Gold:   61         SH:  0    Dex: 10    Spells: 2/2 levels left

rFire    . . .     SeeInvis +   t - +2 flail (crush)
rCold    . . .     Gourm    .   (no shield)
rNeg     . . .     Faith    .   h - -1 ring mail (curse)
rPois    .         Spirit   .   (helmet unavailable)
rElec    .         Reflect  .   i - +0 cloak
rCorr    .         Harm     .   f - +1 pair of gloves
MR       .....                  (no boots)
Stlth    ..........             (no amulet)
HPRegen  0.09/turn              k - +3 ring of protection
MPRegen  0.09/turn              (no ring)

@: confused
A: permanent stasis, dig shafts and tunnels, four strong arms, antennae 3
a: Dig, Shaft Self, Depart the Abyss, Renounce Religion


You were on level 3 of the Dungeon.
You worshipped Lugonu.
Lugonu was aware of your devotion.
You were hungry.

You visited 1 branch of the dungeon, and saw 3 of its levels.
You visited the Abyss 1 time.

You collected 61 gold pieces.

Inventory:

Hand Weapons
 a - a +1 mace
 t - a +2 flail of crushing (weapon)
Armour
 b - a +0 leather armour
 f - a +1 pair of gloves (worn)
 h - a cursed -1 ring mail (worn)
 i - a +0 cloak (worn)
Jewellery
 k - a +3 ring of protection (left hand)
Wands
 r - a wand of disintegration (5)
Scrolls
 d - a scroll of remove curse {unknown}
 g - 3 scrolls of teleportation {unknown}
 j - a scroll of fear {unknown}
 l - a scroll of identify {unknown}
 n - a scroll of amnesia {unknown}
 s - a scroll of enchant armour {unknown}
Potions
 e - a potion of haste {unknown}
 m - a potion of agility {unknown}
 o - a potion of resistance {unknown}
 p - 3 potions of heal wounds {unknown}
 q - a potion of brilliance {unknown}
 v - 2 potions of curing {unknown}
Comestibles
 c - 6 rations


   Skills:
 + Level 3.6 Fighting
 + Level 2.4 Maces & Flails
 + Level 2.6 Armour
 + Level 1.4 Dodging
 + Level 2.7 Invocations


You had 2 spell levels left.
You didn't know any spells.
Your spell library contained the following spells:

 Spells                   Type           Power        Failure   Level  Hunger
 Lightning Bolt           Conj/Air       #.........   100%        5    ######.
 Shock                    Conj/Air       #...         54%         1    ##.....
 Swiftness                Chrm/Air       #.......     67%         2    ###....
 Airstrike                Air            #.........   99%         4    #####..
 Static Discharge         Conj/Air       #.......     88%         3    ####...


Dungeon Overview and Level Annotations

Branches:
Dungeon (3/15)

Altars:

Annotations:
D:3 Sigmund


Innate Abilities, Weirdness & Mutations

You cannot be hasted, slowed, berserked, paralysed or teleported.
You can dig through walls and to a lower floor.
Your four strong arms can wield two-handed weapons with a shield.
You have a pair of large antennae on your head. (SInv)


Message History

Sigmund gestures at you while chanting.
You are confused.
Sigmund casts a spell at you. The puff of flame hits you!
* * * LOW HITPOINT WARNING * * *
You barely miss Sigmund.
Sigmund is heavily wounded.
Sigmund barely misses you.
You bump into the rock wall.
Sigmund points at you and mumbles some strange words.
The magic dart hits you!
* * * LOW HITPOINT WARNING * * *
You barely miss Sigmund.
Sigmund is heavily wounded.
Sigmund points at you and mumbles some strange words.
The magic dart hits you!
* * * LOW HITPOINT WARNING * * *
You bump into the rock wall.
Sigmund hits you with a scythe of freezing.
You die...

#.)###..).# #.#..#.........#
##.##.....# #.#............'
#.##.....# #.#..#....)....#
#@##.....####.#..#.........#
#..#..........#..#....)....#
##.#.....#########.........#
#.#.............#.........#
...####.####.########.#.........#
#............@@..<....#########
#.####.###.######.#.### #
##+##.........#.# #
#......########.#######
###+###.............#.#.....#
......#....#.######.#.#'###+####
......#...)#.# #.#..........#
...[..####.#.# #.#..........#
..... #.#.# #.#..........#


You could see Sigmund (invisible).

Vanquished Creatures
  2 leopard geckos
  3 orcs (D:3)
  4 giant cockroaches
  4 goblins (D:1)
  3 hobgoblins
  3 kobolds
  A quokka (D:3)
  2 bats (D:2)
  2 frilled lizards (D:2)
  5 rats
29 creatures vanquished.

Notes
Turn   | Place    | Note
-------+----------+-------------------------------------------
     0 | Abyss:1  | KnightedAnt the Formicid Abyssal Knight began the quest for the Orb.
     0 | Abyss:1  | Reached XP level 1. HP: 18/18 MP: 2/2
    43 | Abyss:2  | Found a corrupted altar of Lugonu.
    61 | Abyss:2  | Noticed a shadow
   113 | Abyss:2  | Noticed a large abomination
   115 | Abyss:2  | Noticed a flying skull
   118 | Abyss:2  | Noticed a large abomination
   118 | Abyss:2  | Noticed a smoke demon
   122 | Abyss:2  | Noticed an eidolon
   123 | D:1      | Escaped the Abyss
   141 | D:1      | Reached * piety under Lugonu
   141 | D:1      | Reached skill level 1 in Dodging
   212 | D:1      | Reached XP level 2. HP: 18/24 MP: 3/3
   936 | D:2      | Reached XP level 3. HP: 29/29 MP: 4/4
  1937 | D:3      | Noticed Sigmund
  2391 | D:3      | HP: 1/29 [Sigmund/magic dart (5)]
  2392 | D:3      | Slain by Sigmund

Skill      XL: |  1 |
---------------+----+-----
Dodging        | 1 |  1.4
Fighting       | |  3.6
Maces & Flails | |  2.4
Armour         | |  2.6
Invocations    | |  2.7

Action                   || total
-------------------------++-------
Melee: Mace              ||    67
       Flail             ||     9
Invok: Depart the Abyss  ||     1
  Eat: Chunk             ||     4
Armor: Leather armour    ||     3
       Ring mail         ||    27
Dodge: Dodged            ||    43
